 Dungeon Crawl Stone Soup version 0.25-a0-246-g58704a1ebd (webtiles) character file.

Game seed: 8147518242240369398, levelgen mode: deterministic

8 floatRand the Chopper (level 2, 24/24 HPs)
             Began as a Demonspawn Monk on Dec 3, 2019.
             Quit the game on level 1 of the Dungeon.
             The game lasted 00:00:28 (532 turns).

floatRand the Chopper (Demonspawn Monk)              Turns: 532, Time: 00:00:29

Health: 24/24      AC:  2    Str: 11    XL:     2   Next: 0%
Magic:  2/2        EV: 13    Int: 11    God:
Gold:   23         SH:  0    Dex: 15    Spells: 1/1 levels left

rFire    . . .     SeeInvis .   a - +0 hand axe
rCold    . . .     Gourm    .   (no shield)
rNeg     . . .     Faith    .   b - +0 robe
rPois    .         Spirit   +   (no helmet)
rElec    .         Reflect  .   (no cloak)
rCorr    .         Harm     .   (no gloves)
MR       .....                  (no boots)
Stlth    ++........             k - amulet of magic regeneration
HPRegen  0.08/turn              (no ring)
MPRegen  0.33/turn              (no ring)

@: no status effects
A: magic shield
a: no special abilities


You were on level 1 of the Dungeon.
You were not hungry.

You visited 1 branch of the dungeon, and saw 1 of its levels.

You collected 23 gold pieces.

Inventory:

Hand Weapons
 a - a +0 hand axe (weapon)
Armour
 b - a +0 robe (worn)
Jewellery
 k - an amulet of magic regeneration (around neck)
Scrolls
 e - 3 scrolls of identify {unknown}
 g - a scroll of enchant weapon {unknown}
 h - a scroll of teleportation {unknown}
 i - 2 scrolls of immolation {unknown}
 j - a scroll of fog {unknown}
Potions
 d - a potion of curing {unknown}
 f - 2 potions of might {unknown}
Comestibles
 c - 3 rations
 l - a chunk of flesh


   Skills:
 - Level 3.0 Fighting
 * Level 3.1 Axes
 + Level 2.9 Dodging
 - Level 1.7 Stealth


You had one spell level left.
You didn't know any spells.
Your spell library was empty.

Dungeon Overview and Level Annotations

Branches:
Dungeon (1/15)

Altars:


Innate Abilities, Weirdness & Mutations

When hurt, damage is shared between your health and your magic reserves.


Message History

You hit the hobgoblin.
You kill the hobgoblin!
You have reached level 2!
Your demonic ancestry asserts itself...
You feel your magical essence form a protective shroud around your flesh.
Things that are here:
a +0 club; a hobgoblin corpse You butcher the hobgoblin corpse.
l - 3 chunks of flesh (gained 1)
Things that are here:
a +0 club; a hobgoblin skeleton There isn't anything to butcher here.
Things that are here:
a +0 dagger; a kobold corpse The kobold corpse isn't edible.
There isn't anything here!
You start resting.
Some of the chunks of flesh in your inventory have rotted away. x2
HP restored.
Are you sure you want to abandon this character and quit the game? (Confirm with "yes".)

#...##># #.# ###.#
#.## ###.## #...
#....# #### ..
#....######### # .!.
#........#...#######
....
#...)###.#....(.....
....####....#
#.###.#######
..........@†#
#.....#
............#
#######
............#
.......)....#
.......)....#
.........####
.........#
##########


There were no monsters in sight!

Vanquished Creatures
  A goblin (D:1)
  2 hobgoblins (D:1)
  2 bats (D:1)
  A frilled lizard (D:1)
  A kobold (D:1)
  2 rats (D:1)
9 creatures vanquished.

Notes
Turn   | Place    | Note
-------+----------+-------------------------------------------
     0 | D:1      | floatRand the Demonspawn Monk began the quest for the Orb.
     0 | D:1      | Reached XP level 1. HP: 18/18 MP: 1/1
   369 | D:1      | Gained mutation: When hurt, damage is shared between your
                  | health and your magic reserves. [demonic ancestry]
   369 | D:1      | Reached XP level 2. HP: 11/24 MP: 2/2
   532 | D:1      | Quit the game

Levels and vault maps discovered:
D:1:      minmay_arrival_open_corners, layout_basic,
          hangedman_decor_clover_reticule

Skill      XL: |  1 |
---------------+----+-----
Axes           | 3 |  3.1
Fighting       | |  3.0
Dodging        | |  2.9
Stealth        | |  1.7

Action                   || total
-------------------------++-------
Melee: Hand axe          ||    22
 Stab: Sleeping          ||     2
Armor: Robe              ||     3
Dodge: Dodged            ||    15

Table legend:
 A = Non-vault XP
 B = Vault XP
 C = Vault XP percentage of total XP
 D = Non-vault monster count
 E = Vault monster count
 F = Vault count percentage of total count
                 A         B        C        D         E       F
            +---------+---------+-------+---------+---------+-------
      Total |      12 |       0 |   0.0 |       9 |       0 |   0.0
            +---------+---------+-------+---------+---------+-------
        D:1 |      12 |       0 |   0.0 |       9 |       0 |   0.0
            +---------+---------+-------+---------+---------+-------
